 Dungeon Sprint DCSS version 0.27.1-2-g3b301248ec (webtiles) character file.

Game seed: 6479184705882790854

119 boopmooplesden the Shield-Bearer (level 4, -3/47 HPs)
             Began as a Minotaur Fighter on Sept 22, 2021.
             Slain by a neqoxec (11 damage)
             ... in the Dungeon (Sprint II: "The Violet Keep of Menkaure").
             The game lasted 00:00:14 (21 turns).

boopmooplesden the Shield-Bearer (Minotaur Fighter)   Turns: 21, Time: 00:00:15

Health: -3/47      AC:  7    Str: 22      XL:     4   Next: 73%
Magic:  3/3        EV:  8    Int:  3 (5)  God:
Gold:   0          SH: 10    Dex:  9      Spells: 3/3 levels left

rFire    . . .     SeeInvis .   a - +0 war axe
rCold    . . .     Faith    .   c - +0 kite shield
rNeg     . . .     Spirit   .   b - +0 scale mail
rPois    .         Reflect  .   (helmet restricted)
rElec    .         Harm     .   (no cloak)
rCorr    .         Rampage  .   (no gloves)
Will     .....     NoTele   +   (no boots)
Stlth    ..........             (no amulet)
HPRegen  0.15/turn              (no ring)
MPRegen  0.08/turn              (no ring)

@: on berserk cooldown, slowed, very slow
A: horns 2, retaliatory headbutt, deterioration 1
a: no special abilities


You were in the Dungeon.
You visited 1 branch

Inventory:

Hand Weapons
 a - a +0 war axe (weapon)
Armour
 b - a +0 scale mail (worn)
 c - a +0 kite shield (worn)
Scrolls
 j - a scroll of blinking
Potions
 d - a potion of might
 e - a potion of curing
 g - a potion of haste
 h - 2 potions of magic


   Skills:
 + Level 7.0 Fighting
 + Level 4.9 Axes
 + Level 7.0 Armour
 + Level 7.1 Shields


You had 3 spell levels left.
You didn't know any spells.
Your spell library was empty.

Dungeon Overview and Level Annotations

Branches:
Dungeon (1/1)

Altars:


Innate Abilities, Weirdness & Mutations

You have a pair of horns on your head.
You reflexively headbutt those who attack you in melee.
Your body sometimes deteriorates upon taking damage.


Message History

The neqoxec hits you.
A neqoxec comes into view. x2
You hit the neqoxec but do no damage. Your headbutt misses the neqoxec.
The neqoxec hits you!
* * * LOW HITPOINT WARNING * * *
The neqoxec hits you but does no damage.
You hit the neqoxec.
The neqoxec is lightly wounded.
The neqoxec hits you.
* * * LOW HITPOINT WARNING * * *
The neqoxec gestures at you.
Something tries to feed on your intellect!
The neqoxec hits you.
* * * LOW HITPOINT WARNING * * *
You block the neqoxec's attack.
You feel much better. The neqoxec closely misses you.
You slash the neqoxec!
The neqoxec is moderately wounded.
The neqoxec hits you! The neqoxec gestures at you.
You feel dopey. Something feeds on your intellect!
You block the neqoxec's attack.
You barely miss the neqoxec.
The neqoxec is moderately wounded.
You block the neqoxec's attack.
The neqoxec hits you but does no damage.
You barely miss the neqoxec.
The neqoxec is moderately wounded.
You block the neqoxec's attack. x2
You slash the neqoxec! You headbutt the neqoxec.
The neqoxec is severely wounded.
The neqoxec hits you!
* * * LOW HITPOINT WARNING * * *
You block the neqoxec's attack.
You slash the neqoxec!
The neqoxec is almost dead.
The neqoxec gestures at you.
Something tries to feed on your intellect!
The neqoxec hits you!
You die...

#+# ##
##.### 3#
+.<.'##3+
##.##@#.#
#+###3#
###


You could see a neqoxec.

Vanquished Creatures
  A neqoxec (D)
1 creature vanquished.

Vanquished Creatures (others)
  A water moccasin (D)
1 creature vanquished.

Grand Total: 2 creatures vanquished

Notes
Turn   | Place    | Note
-------+----------+-------------------------------------------
     0 | D        | boopmooplesden the Minotaur Fighter began the quest for the
                  | Orb.
     0 | D        | Reached XP level 1. HP: 19/19 MP: 0/0
     1 | D        | Noticed a neqoxec
     8 | D        | Killed a water moccasin
     9 | D        | Gained mutation: Your body sometimes deteriorates upon
                  | taking damage. [a neqoxec]
    10 | D        | Killed a neqoxec
    11 | D        | Reached XP level 2. HP: 25/34 MP: 1/1
    11 | D        | Reached XP level 3. HP: 29/39 MP: 2/2
    11 | D        | Reached XP level 4. HP: 35/47 MP: 3/3
    12 | D        | Noticed a neqoxec
    12 | D        | Noticed a neqoxec
    12 | D        | Noticed a neqoxec
    21 | D        | Slain by a neqoxec

Illustrated notes

Levels and vault maps discovered:
D:        the_violet_keep_of_menkaure [sprint2_stairs_cluster_1,
          sprint2_shoproom, sprint2_temple, sprint2_basic_supplies,
          sprint2_obstacle_7, sprint2_obstacle_1, sprint2_obstacle_4,
          sprint2_obstacle_3, sprint2_obstacle_2, sprint2_timed_cluster_1,
          sprint2_smallroom_cluster_1, sprint2_smallroom_final_cluster_1,
          sprint2_transparent_cluster_1, sprint2_second_timed_cluster_1,
          sprint2_sniper_area_1, sprint2_heavy_combat_area_1,
          sprint2_mutation_trap_area_1, sprint2_forest_area_1,
          sprint2_light_combat_area_1, sprint2_behind_water_1,
          sprint2_near_end_vault_1]

Skill      XL: |  1 |
---------------+----+-----
Fighting       | 7 |  7.0
Axes           | 4 |  4.9
Armour         | 7 |  7.0
Shields        | 7 |  7.1

Action                   |  1- 3 |  4- 6 || total
-------------------------+-------+-------++-------
Melee: War axe           |     7 |     7 ||    14
       Headbutt          |       |     1 ||     1
  Use: Potion            |     1 |     1 ||     2
Armor: Scale mail        |     1 |     2 ||     3
Dodge: Dodged            |       |     1 ||     1
Block: Kite shield       |     2 |     6 ||     8
